 Dungeon Crawl Stone Soup version 0.29-a0-844-ge8845773e3 (webtiles) character file.

Game seed: 11693146459544895226

88878 PentaManta the Warrior (level 15, -20/149 HPs)
             Began as a Ghoul Gladiator on July 15, 2022.
             Was the Champion of Makhleb.
             Demolished by a titanic slime creature (94 damage)
             ... on level 14 of the Dungeon.
             The game lasted 01:11:44 (26085 turns).

PentaManta the Warrior (Ghoul Gladiator)           Turns: 26085, Time: 01:11:45

Health: -20/149    AC: 29    Str: 22    XL:     15   Next: 95%
Magic:  14/14      EV:  8    Int:  7    God:    Makhleb [******]
Gold:   1901       SH: 12    Dex: 10    Spells: 14/14 levels left

rFire   . . .      SeeInvis .     - Unarmed
rCold   + + .      Faith    .   m - +2 buckler
rNeg    + + +      Spirit   .   R - +3 plate armour {rPois}
rPois   ∞          Reflect  +   p - +2 helmet
rElec   .          Harm     .   E - +0 cloak
rCorr   .          Rampage  .   (no gloves)
Will    ++...                   S - +3 pair of mountain boots {steadfast, rC+}
Stlth   ..........              c - amulet of reflection
HPRegen 0.00/turn               F - +4 ring of slaying
MPRegen 0.14/turn               Q - ring of willpower

@: about to teleport, inhibited regen, studying Spellcasting
A: claws 1, cold resistance 1, negative energy resistance 3, inhibited
regeneration, torment resistance 2, devour on kill
a: Renounce Religion, Minor Destruction, Lesser Servant of Makhleb, Major
Destruction, Greater Servant of Makhleb


You were on level 14 of the Dungeon.
You worshipped Makhleb.
Makhleb was exalted by your worship.
You visited 4 branches of the dungeon, and saw 23 of its levels.
You also visited: Bailey and Volcano.

You collected 3110 gold pieces.
You spent 1209 gold pieces at shops.

Inventory:

Hand Weapons
 s - a +2 dagger of electrocution
 J - a +6 scimitar of flaming
Missiles
 a - 2 throwing nets
 d - 6 javelins
 l - 11 boomerangs (quivered)
 C - a curare-tipped dart
 I - 9 silver javelins
 W - 9 boomerangs of dispersal
Armour
 b - the +1 chain mail "Onasarim" {rElec Str+4 Int-2 Slay+2}
   (You found it in a bailey)

   Str:       It affects your strength (+4).
   Int:       It affects your intelligence (-2).
   Slay:      It affects your accuracy & damage with ranged weapons and melee
   (+2).
   rElec:     It insulates you from electricity.
 h - a +0 tower shield
 i - a +0 kite shield
 m - a +2 buckler (worn)
 p - a +2 helmet (worn)
 t - a scarf of repulsion
 v - +0 fire dragon scales
 y - a +0 plate armour of cold resistance
 E - a +0 cloak (worn)
 R - a +3 plate armour of poison resistance (worn)
 S - the +3 pair of mountain boots (worn) {steadfast, rC+}
   (You found it on level 14 of the Dungeon)

   It prevents involuntary movement, except for blinking, teleportation, or
   banishment.
   rC:        It protects you from cold.
 Y - +0 acid dragon scales
Jewellery
 c - an amulet of reflection (around neck)
 x - a +4 ring of protection
 z - a +4 ring of protection
 B - a +6 ring of intelligence
 D - a ring of see invisible
 F - a +4 ring of slaying (left claw)
 M - a ring of fire
 N - an amulet of guardian spirit
 Q - a ring of willpower (right claw)
 T - a +4 ring of slaying
Wands
 w - a wand of flame (17)
 U - a wand of digging (1)
Scrolls
 e - 7 scrolls of teleportation
 f - 2 scrolls of brand weapon
 g - 2 scrolls of magic mapping
 j - 10 scrolls of poison
 k - 13 scrolls of identify
 u - 8 scrolls of enchant armour
 H - a scroll of fear
 O - 4 scrolls of fog
 P - 8 scrolls of blinking
Potions
 n - 9 potions of curing
 o - 5 potions of ambrosia
 q - 4 potions of heal wounds
 A - a potion of cancellation
 K - a potion of invisibility
 L - 8 potions of flight
 V - a potion of attraction
 X - 3 potions of haste
 Z - 3 potions of might
Miscellaneous
 r - a phial of floods


   Skills:
 - Level 18.0 Fighting
 + Level 8.4 Throwing
 - Level 15.0 Armour
 - Level 2.6 Dodging
 + Level 6.5 Shields
 - Level 13.0 Unarmed Combat


You had 14 spell levels left.
You didn't know any spells.
Your spell library contained the following spells:

 Spells                   Type           Power      Damage    Failure   Level
 Freeze                   Ice            0%         1d3       99%         1
 Magic Dart               Conj           0%         1d3       99%         1
 Shock                    Conj/Air       0%         1d3       99%         1
 Slow                     Hex            0%         N/A       99%         1
 Call Imp                 Summ           0%         N/A       100%        2
 Poisonous Vapours        Pois/Air       0%         N/A       100%        2
 Confusing Touch          Hex            0%         N/A       100%        3
 Ignite Poison            Fire/Tmut/Pois 0%         N/A       100%        3
 Mephitic Cloud           Conj/Pois/Air  0%         N/A       100%        3
 Swiftness                Air            0%         N/A       100%        3
 Tukima's Dance           Hex            0%         N/A       100%        3
 Vampiric Draining        Necr           0%         2d6       100%        3
 Airstrike                Air            0%         0-1+      100%        4
 Corpse Rot               Necr/Pois/Air  0%         N/A       100%        4
 Passage of Golubria      Tloc           0%         N/A       100%        4
 Petrify                  Tmut/Erth      0%         N/A       100%        4
 Irradiate                Conj/Tmut      0%         3d11      100%        5
 Iskenderun's Battlesphe  Conj           0%         2d6       100%        5
 Silence                  Hex/Air        0%         N/A       100%        5
 Yara's Violent Unravell  Hex/Tmut       0%         3d3       100%        5
 Iron Shot                Conj/Erth      0%         9d1       100%        6
 Spellforged Servitor     Conj/Summ      0%         N/A       100%        7
 Lehudib's Crystal Spear  Conj/Erth      0%         10d2      100%        8
 Sublimation of Blood     Necr           Unusable   N/A       N/A         2

Dungeon Overview and Level Annotations

Branches:
Dungeon (14/15)            Temple (1/1) D:4            Lair (6/6) D:10
  Swamp (0/4) Lair:4       Spider (0/4) Lair:4        Slime (0/5) Lair:6
    Orc (2/2) D:10            Elf (0/3) Orc:2        Vaults (0/5) D:13
 Bailey (visited)         Volcano (visited)

Altars:
Ashenzari
Cheibriados
Dithmenos
Fedhas
Gozag
Hepliaklqana
Kikubaaqudgha
Makhleb
Nemelex Xobeh
Okawaru
Qazlal
Ru
Sif Muna
Trog
Uskayaw
Vehumet
Wu Jian
Xom
Yredelemnul
Jiyva

Shops:
D:5 =   D:11 (   D:13 (   Orc:2 [:(

Annotations:
D:3 exclusion: oklob plant
Lair:1 2 runed translucent doors, pista233's ghost, journeyman MiBe


Innate Abilities, Weirdness & Mutations

You are immune to poison.
You have sharp fingernails.
Your flesh is cold resistant. (rC+)
You are immune to negative energy. (rN+++)
You do not regenerate when monsters are visible.
You are immune to unholy pain and torment.
You thrive by killing the living.


Message History

You block the slime creature's attack.
The large slime creature barely misses you.
The very large slime creature attacks as you move away!
The very large slime creature hits you but does no damage.
The slime creature attacks as you move away!
You block the slime creature's attack.
The large slime creature attacks as you move away!
The large slime creature closely misses you.
Two slime creatures merge to form a titanic slime creature.
The slime creature hits you but does no damage.
Press: ? - help, v - describe, . - travel
Here: a titanic slime creature (heavily wounded)
The floor.
The slime creature attacks as you move away!
You block the slime creature's attack.
The slime creature attacks as you move away!
The slime creature hits you.
The slime creature attacks as you move away!
You block the slime creature's attack.
You mangle the slime creature!!
The slime creature is heavily wounded.
You block the slime creature's attack.
You claw the slime creature!
The slime creature is severely wounded.
The slime creature closely misses you.
You mangle the slime creature!!
You kill the slime creature!
Makhleb accepts your kill.
You feel better.
Found 2 potions of ambrosia.
The titanic slime creature attacks as you move away!
You block the titanic slime creature's attack.
You see here 2 potions of ambrosia.
The titanic slime creature attacks as you move away!
The titanic slime creature hits you but does no damage.
Unknown command.
As you read the scroll of teleportation, it crumbles to dust.
You feel strangely unstable. The titanic slime creature hits you!!!!
Ouch! That really hurt!
You die...

#.#####.### ...
#.........# #.#
#####.....# #.#
.#####.....# ###.###
............# #...!.#
#.##.##.....# #.###.#
#.##.##.#.### #.# #.#
#.#.........# #J###.#
#.#.#######.###.@...#
#.#/# #...###.### #
....# #)#.....# #
#.[.# #.####### #
###.# #.# ###
######### ..#.# #.#
##.###........
#.#.#######.#
#......#######
#.#.........#
##.##### #.
#.#######.### #.# #.


You could see a titanic slime creature.

Vanquished Creatures
  An orc warlord (Orc:1)
  A stone giant (Volcano)
  Azrael (D:12)
  Snorg (D:11)
  A fire dragon (Lair:6)
  Josephine (D:12)
  Fannar (D:12)
  A vault guard (D:13)
  5 hydras
  Harold (Orc:1)
  A boulder beetle (D:12)
  A catoblepas (D:13)
  A centaur warrior (D:13)
  6 two-headed ogres
  7 death yaks
  An orc high priest (Orc:2)
  Nergalle (Lair:1)
  A swamp dragon (Lair:6)
  A deep elf zephyrmancer (Bailey)
  3 deep elf pyromancers
  A wizard (D:13)
  11 ugly things
  Pikel (D:4)
  2 necromancers (D:13)
  7 orc sorcerers
  A manticore (D:14)
  2 orc knights
  A wolf spider (Lair:6)
  5 cyclopes
  A guardian serpent (Lair:6)
  2 molten gargoyles (Volcano)
  14 elephants
  12 black mambas
  3 gargoyles
  13 cane toads
  A torpor snail (Lair:5)
  5 rime drakes
  3 yaktaurs (D:13)
  13 komodo dragons
  2 tengu conjurers (D:14)
  2 efreet
  A freezing wraith (D:13)
  2 polar bears
  8 trolls
  2 hornets (Lair:6)
  5 blink frogs (Lair:4)
  2 dream sheep (Lair:5)
  A slime creature (D:14)
  Sigmund (D:3)
  A shadow (D:12)
  A jumping spider (Lair:4)
  7 wraiths
  43 yaks
  3 vampires
  6 fire bats (Volcano)
  18 wyverns
  18 humans (D:13)
  7 fire elementals
  3 basilisks
  2 redbacks (Lair:6)
  3 steam dragons
  2 wargs (Orc:2)
  2 hell hounds (D:12)
  4 acid dragons
  20 water moccasins
  2 swamp drakes (Lair:6)
  A sky beast (D:7)
  29 orc warriors
  2 ice beasts (D:6)
  4 black bears
  11 ogres
  2 centaurs
  12 wolves
  3 phantoms (D:6)
  2 lemures (D:4)
  4 kobold brigands
  14 bullfrogs
  Blork the orc (D:4)
  2 necrophages
  2 gnoll sergeants
  2 earth elementals (Volcano)
  A scorpion (D:5)
  3 wights (D:6)
  16 killer bees
  7 electric eels
  7 howler monkeys
  5 lava snakes (Volcano)
  29 orc priests
  6 hounds
  A jelly (D:7)
  Jessica (D:2)
  7 iguanas
  24 orc wizards
  14 gnolls
  10 adders
  2 ufetubi
  3 worms
  5 dart slugs
  54 orcs
  4 ball pythons
  9 endoplasms
  5 giant cockroaches
  6 goblins
  3 hobgoblins
  21 kobolds
  2 quokkas
  4 bats
  6 rats
649 creatures vanquished.

Vanquished Creatures (others)
  An orc wizard (Orc:2)
  21 fungi
  73 plants
95 creatures vanquished.

Grand Total: 744 creatures vanquished

Notes
Turn   | Place    | Note
-------+----------+-------------------------------------------
     0 | D:1      | PentaManta the Ghoul Gladiator began the quest for the Orb.
     0 | D:1      | Reached XP level 1. HP: 17/17 MP: 0/0
   107 | D:1      | Reached XP level 2. HP: 17/24 MP: 1/1
   336 | D:1      | Found a faded altar of an unknown god.
   340 | D:1      | Reached XP level 3. HP: 29/29 MP: 2/2
   343 | D:1      | Got Plato's Grimoire of the Nimbus
  1312 | D:2      | Reached skill level 5 in Unarmed Combat
  1522 | D:2      | Reached XP level 4. HP: 36/36 MP: 3/3
  1889 | D:2      | Noticed Jessica
  1895 | D:2      | Killed Jessica
  2164 | D:3      | Found a blossoming altar of Fedhas.
  2185 | D:3      | Noticed an oklob plant
  2634 | D:3      | Noticed Sigmund
  2654 | D:3      | Killed Sigmund
  2655 | D:3      | Reached XP level 5. HP: 41/41 MP: 4/4
  2655 | D:3      | Reached XP level 6. HP: 48/48 MP: 5/5
  3007 | D:4      | Noticed Pikel
  3062 | D:4      | Noticed Blork the orc
  3071 | D:4      | Killed Blork the orc
  3143 | D:4      | Found a staircase to the Ecumenical Temple.
  3151 | Temple   | Entered the Ecumenical Temple
  3188 | Temple   | Became a worshipper of Makhleb the Destroyer
  3456 | D:4      | Killed Pikel
  3457 | D:4      | Reached skill level 10 in Unarmed Combat
  3457 | D:4      | Reached XP level 7. HP: 50/55 MP: 6/6
  3537 | D:4      | Reached XP level 8. HP: 61/61 MP: 7/7
  3961 | D:5      | Entered Level 5 of the Dungeon
  4113 | D:5      | Identified the +0 leather armour of Hedaipty {rCorr Str+4}
  4222 | D:6      | Reached skill level 1 in Armour
  4238 | D:6      | Reached skill level 3 in Fighting
  4319 | D:5      | Reached skill level 4 in Fighting
  4547 | D:5      | Reached * piety under Makhleb
  4815 | D:5      | Found Fueneq's Jewellery Shoppe.
  4941 | D:6      | Reached XP level 9. HP: 73/73 MP: 8/8
  4955 | D:5      | Reached skill level 5 in Fighting
  5081 | D:6      | Found a hazy altar of Hepliaklqana.
  5084 | D:6      | Found a broken altar of Ashenzari.
  5110 | D:6      | Reached skill level 6 in Fighting
  5334 | D:6      | Reached skill level 5 in Armour
  5379 | D:6      | Found a bloodstained altar of Trog.
  5497 | D:6      | Reached skill level 7 in Fighting
  5608 | D:7      | Reached ** piety under Makhleb
  6410 | D:7      | Reached skill level 8 in Fighting
  6410 | D:7      | Reached XP level 10. HP: 88/88 MP: 9/9
  7663 | D:8      | Reached skill level 9 in Fighting
  8167 | D:8      | Reached *** piety under Makhleb
  8369 | D:9      | Found a flagged portal.
  8406 | Bailey   | Entered a bailey
  8802 | Bailey   | Found a large runed translucent door.
  8802 | Bailey   | Found a large runed translucent door.
  8803 | Bailey   | Noticed an orc knight
  8803 | Bailey   | Noticed a deep elf zephyrmancer
  8968 | Bailey   | Reached skill level 10 in Fighting
  8978 | Bailey   | Killed an orc knight
  9265 | Bailey   | Identified a scroll of acquirement
  9265 | Bailey   | Acquired 303 gold pieces
  9282 | Bailey   | Killed a deep elf zephyrmancer
  9290 | Bailey   | Identified the +1 chain mail "Onasarim" {rElec Str+4 Int-2
                  | Slay+2}
  9578 | D:9      | Reached XP level 11. HP: 101/101 MP: 10/10
  9643 | D:9      | Found a shadowy altar of Dithmenos.
  9713 | D:9      | Noticed a two-headed ogre
  9718 | D:9      | Killed a two-headed ogre
  9724 | D:9      | Reached skill level 11 in Fighting
  9892 | D:9      | Identified the +2 chain mail of Greed {+Blink Str+3 Dex+4
                  | Stlth-}
 10221 | D:10     | Entered Level 10 of the Dungeon
 10285 | D:10     | Found a basalt altar of Yredelemnul.
 10338 | D:10     | Found a staircase to the Orcish Mines.
 10499 | D:10     | Noticed a two-headed ogre
 10510 | D:10     | Killed a two-headed ogre
 10559 | D:10     | Found a staircase to the Lair.
 10559 | D:10     | Noticed a death yak
 10576 | D:10     | Killed a death yak
 10795 | D:10     | Reached **** piety under Makhleb
 10975 | D:10     | Reached skill level 12 in Fighting
 11279 | D:11     | Reached skill level 10 in Armour
 11402 | D:11     | Found Poxza's Weapon Emporium.
 11477 | D:11     | Noticed a two-headed ogre
 11480 | D:11     | Killed a two-headed ogre
 11480 | D:11     | Noticed a cyclops
 11481 | D:11     | Found a shimmering blue altar of Sif Muna.
 11487 | D:11     | Killed a cyclops
 11799 | D:11     | Noticed a cyclops
 11821 | D:11     | Killed a cyclops
 12122 | D:5      | Bought a ring of see invisible for 195 gold pieces
 12122 | D:5      | Bought a +4 ring of slaying for 1014 gold pieces
 12263 | Lair:1   | Entered Level 1 of the Lair of Beasts
 12307 | Lair:1   | Reached XP level 12. HP: 101/113 MP: 11/11
 12316 | Lair:1   | Reached skill level 13 in Fighting
 12574 | Lair:1   | Noticed Nergalle
 12606 | Lair:1   | Killed Nergalle
 12606 | Lair:1   | Reached ***** piety under Makhleb
 12744 | Lair:1   | Found a large runed translucent door.
 12744 | Lair:1   | Found a large runed translucent door.
 12748 | Lair:1   | Noticed pista233's ghost (journeyman MiBe)
 12892 | Lair:1   | Reached skill level 14 in Fighting
 13245 | Lair:2   | Identified the +0 scale mail of Buanig {-Tele Str+6 Dex+5}
 14498 | Lair:3   | Reached XP level 13. HP: 124/125 MP: 12/12
 14752 | Lair:4   | Reached skill level 15 in Fighting
 14791 | Lair:4   | Found a hole to the Spider Nest.
 15144 | Lair:4   | Found a staircase to the Swamp.
 15902 | Lair:4   | Reached skill level 16 in Fighting
 16172 | Lair:5   | Got the Atlas of Frosty Permutations
 16569 | Lair:5   | You fall into a shaft and drop 1 floor!
 16569 | Lair:6   | Entered Level 6 of the Lair of Beasts
 16945 | Lair:6   | Reached XP level 14. HP: 51/138 MP: 13/13
 17223 | Lair:6   | Reached ****** piety under Makhleb
 17817 | Lair:5   | Reached skill level 17 in Fighting
 18727 | Lair:6   | Found a staircase to the Slime Pits.
 18729 | Lair:6   | Found a viscous altar of Jiyva.
 18883 | Lair:6   | Acquired a manual of Spellcasting
 19468 | Lair:6   | Acquired a +4 ring of protection
 19702 | Orc:1    | Entered Level 1 of the Orcish Mines
 19865 | Orc:1    | Noticed an orc warlord
 20090 | Orc:1    | Killed an orc warlord
 20289 | Orc:2    | Entered Level 2 of the Orcish Mines
 20385 | Orc:2    | Reached skill level 18 in Fighting
 20393 | Orc:2    | Found a dark tunnel.
 20404 | Volcano  | Entered a volcano
 20726 | Volcano  | Found a burning altar of Makhleb.
 20739 | Volcano  | Reached skill level 15 in Armour
 20794 | Volcano  | Noticed a stone giant
 20809 | Volcano  | Killed a stone giant
 21314 | Orc:2    | Reached XP level 15. HP: 149/149 MP: 14/14
 21344 | Orc:2    | Found a staircase to the Elven Halls.
 21438 | Orc:1    | Noticed Harold
 21454 | Orc:1    | Killed Harold
 21636 | Orc:1    | Reached skill level 1 in Shields
 22390 | Orc:2    | Found Duempeo's Book Shoppe.
 22390 | Orc:2    | Found Veverghue's Weapon Shoppe.
 22397 | Orc:2    | Found Roriweop's Book Emporium.
 22397 | Orc:2    | Found Eleidef's Antique Armour Emporium.
 22748 | D:12     | Noticed Fannar
 22748 | D:12     | Noticed Snorg
 22774 | D:11     | Killed Snorg
 22775 | D:11     | Reached skill level 5 in Throwing
 22889 | D:12     | Killed Fannar
 23015 | D:12     | Noticed Azrael
 23045 | D:12     | Killed Azrael
 23429 | D:12     | Noticed Josephine
 23444 | D:12     | Killed Josephine
 24087 | D:13     | Found Aphiz's Weapon Shop.
 24114 | D:13     | Reached skill level 5 in Shields
 24508 | D:13     | Found a gate to the Vaults.
 24577 | D:13     | Identified the +1 trident "Fish" {spect, *Noise Dex+5}
 25993 | D:14     | Found the +3 pair of mountain boots {steadfast, rC+}
 26085 | D:14     | Demolished by a titanic slime creature

Illustrated notes

Levels and vault maps discovered:
D:1:      dpeg_arrival_prison, layout_loops_corners,
          shapermc_ecumenical_altar_rom_forum, minmay_heptomino_w4
D:2:      layout_basic, uniq_jessica
D:3:      layout_basic, tgw_fedhas, uniq_sigmund
D:4:      layout_gridville, minmay_temple_entry_hall, grunt_decor_mini_mirrors,
          grunt_decor_one_mirror, minmay_cupped, uniq_blork_the_orc, uniq_pikel
D:5:      layout_basic, serial_shops, nicolae_shop_stone
D:6:      layout_basic, bloody_trog, jmf_multi_god_temple,
          grunt_decor_resistance
D:7:      layout_rooms, serial_bayou, serial_bayou_pond_d, serial_bayou_pond_d,
          serial_bayou_lagoon_b, serial_bayou_ford_a, serial_bayou_pond_e,
          chequers_serial_rivers_micro_e
D:8:      layout_loops_cross, lemuel_crystal_altar
D:9:      layout_loops_corners, nicolae_dithmenos_the_darkroom, enter_bailey_6,
          kennysheep_generic_room_5
D:10:     layout_loops_ring, mainiacjoe_overflow_24_doors, lemuel_doored_altar,
          david_lair_generic, minmay_puff
D:11:     layout_rooms, serial_shops, shop, nicolae_sif_muna_little_library
D:12:     layout_roguey, uniq_josephine, uniq_fannar, uniq_azrael, uniq_snorg
D:13:     layout_grid_maze, grunt_vaults_entry_tiered, minmay_shop_grid_forest
D:14:     layout_loops_cross, hangedman_decor_clover_reticule
Temple:   nicolae_temple_ecumenical_triangle
Lair:1:   beast_lair_carwin_large_2, layout_cave_shapes,
          ebering_ghost_disaster_area, grunt_megastairs_5, uniq_nergalle
Lair:2:   layout_long_grid, grunt_megastairs_2, lemuel_fruit_tree
Lair:3:   layout_regular_city, chequers_serial_rivers_micro_e
Lair:4:   layout_regular_city, swamp_mist_pool, spider_nest_entry_rubble,
          serial_bayou_lagoon_a
Lair:5:   layout_regular_city, grunt_megastairs_3
Lair:6:   guppyfry_lair_end_dragon, layout_long_grid,
          hangedman_lair_tendril_chambers, dpeg_slime_entry_corner
Orc:1:    nicolae_orc_accident_2, layout_caves, uniq_harold
Orc:2:    st_orc_mages, layout_diamond_mine, nicolae_volcano_entry_lava_flow,
          basic_altar, abandoned_shop

Skill      XL: |  1  2  3  4  5  6  7  8  9 10 11 12 13 14 15 |
---------------+----------------------------------------------+-----
Unarmed Combat | 4 5 7 10 11 13 | 13.0
Armour         | 3 6 8 10 12 14 15 | 15.0
Fighting       | 4 8 10 12 14 16 18 | 18.0
Throwing       | 3 8 |  8.4
Shields        | 6 |  6.5
Dodging        | |  2.6

Action                   |  1- 3 |  4- 6 |  7- 9 | 10-12 | 13-15 || total
-------------------------+-------+-------+-------+-------+-------++-------
Melee: Unarmed           |    94 |   116 |   266 |   539 |  1281 ||  2296
       Punch             |       |     7 |    23 |    33 |    56 ||   119
       Scimitar          |       |       |       |       |    22 ||    22
Throw: Stone             |     7 |    15 |       |       |       ||    22
       Throwing net      |       |     4 |       |       |       ||     4
       Boomerang         |       |       |     2 |    13 |    18 ||    33
       Dart              |       |       |       |       |     1 ||     1
Evoke: Wand              |       |       |       |     9 |     2 ||    11
  Use: Scroll            |       |       |       |    24 |    14 ||    38
       Potion            |       |       |       |     5 |     5 ||    10
 Stab: Held in net/web   |       |     1 |       |       |       ||     1
       Invisible         |       |       |       |     1 |       ||     1
       Confused          |       |       |       |       |     1 ||     1
Armor: Leather armour    |    19 |     2 |       |       |       ||    21
       Scale mail        |       |    29 |   111 |    14 |       ||   154
       Steam dragon scal |       |       |       |    54 |       ||    54
       Plate armour      |       |       |       |     2 |   336 ||   338
       Chain mail        |       |       |       |   177 |   476 ||   653
Dodge: Dodged            |    37 |    39 |   145 |   230 |   511 ||   962
Block: Other             |       |       |       |    50 |   195 ||   245
       Reflection        |       |       |       |     1 |    11 ||    12
       Buckler           |       |       |       |       |   261 ||   261

Table legend: (Time is in decaauts)
 A = Elapsed time spent in this place.
 B = Non-inter-level travel time spent in this place.
 C = Inter-level travel time spent in this place.
 D = Time resting spent in this place.
 E = Time spent auto-exploring this place.
 F = Levels seen in this place.
 G = Mean time per level.
                   A        B        C        D        E       F      G
               +--------+--------+--------+--------+--------+-----+--------+
         Total |  25731 |  24153 |   1578 |   3325 |  14901 |  25 | 1029.2 |
       Dungeon |  14761 |  13664 |   1097 |   1264 |   9414 |  14 | 1054.4 |
        Temple |     50 |     50 |      0 |      0 |     18 |   1 |   50.0 |
          Lair |   7279 |   6953 |    326 |    774 |   4873 |   6 | 1213.2 |
  Orcish Mines |   1954 |   1800 |    154 |    277 |    515 |   2 |  977.0 |
        Bailey |    919 |    919 |      0 |    569 |      0 |   1 |  919.0 |
       Volcano |    766 |    766 |      0 |    439 |     80 |   1 |  766.0 |
               +--------+--------+--------+--------+--------+-----+--------+

Top non-repeatable levels by time:
  Lair:6: 2546 daAuts
     D:7: 1669 daAuts
    D:12: 1411 daAuts
  Lair:4: 1248 daAuts
    D:13: 1243 daAuts
    D:10: 1240 daAuts
     D:5: 1080 daAuts
   Orc:2: 1064 daAuts
     D:4: 1056 daAuts
     D:2: 1049 daAuts
     D:1: 1025 daAuts
     D:9: 1009 daAuts
     D:8: 1007 daAuts
  Lair:5: 976 daAuts
  Bailey: 919 daAuts
